 Dungeon Crawl Stone Soup version 0.31.0-12-g77e489cdc1 (webtiles) character file.

Game seed: 13376683690541880680

489 112233 the Sneak (level 7, -3/41 HPs)
             Began as an Octopode Conjurer on Feb 16, 2024.
             Slain by a river rat (5 damage)
             ... in a sewer.
             The game lasted 00:03:23 (3707 turns).

112233 the Sneak (Octopode Conjurer)                Turns: 3707, Time: 00:03:24

Health: -3/41      AC:  1    Str:  5 (7)  XL:     7   Next: 14%
Magic:  1/12       EV: 13    Int: 21 (22) God:
Gold:   208        SH:  0    Dex:  8 (10) Spells: 10/13 levels left

rFire   . . .        h - +2 short sword (venom)
rCold   . . .        (no shield)
rNeg    . . .        (helmet restricted)
rPois   .            (no amulet)
rElec   .            (no ring)
rCorr   .            (no ring)
SInv    .            (no ring)
Will    +....        (no ring)
Stlth   ++++         (no ring)
HPRegen 0.26/turn    (no ring)
MPRegen 0.13/turn    (no ring)
                     (no ring)

%: no passive effects
@: enlightened, flying, very slightly contaminated
A: almost no armour, amphibious, 8 rings, camouflage 1, gelatinous body 1,
(nimble swimmer 1), tentacles
a: no special abilities


You were in a sewer.
You visited 1 branch of the dungeon, and saw 4 of its levels.
You also visited: Sewer.

You collected 208 gold pieces.

Inventory:

Hand Weapons
 f - a +0 dagger of holy wrath
 g - a +0 spear of venom
 h - a +2 short sword of venom (weapon)
Missiles
 c - 2 poisoned darts
 i - 2 throwing nets
Scrolls
 b - a scroll of amnesia {unknown}
 d - a scroll of silence {unknown}
 e - 2 scrolls of teleportation {unknown}
 j - a scroll of enchant weapon {unknown}
 l - 2 scrolls of identify {unknown}
 n - a scroll of enchant armour {unknown}
Potions
 k - a potion of attraction {unknown}


   Skills:
 + Level 4.1 Dodging
 + Level 5.8 Stealth
 + Level 3.7 Spellcasting
 + Level 5.3 Conjurations


You had 10 spell levels left.
You knew the following spells:

 Your Spells              Type           Power      Damage    Failure   Level
a - Magic Dart            Conj           100%       1d8       1%          1
b - Searing Ray           Conj           52%        2d6       1%          2

Your spell library contained the following spells:

 Spells                   Type           Power      Damage    Failure   Level
 Ensorcelled Hibernation  Hex/Ice        6%         N/A       19%         2
 Passwall                 Erth           3%         N/A       36%         3
 Swiftness                Air            3%         N/A       36%         3
 Fulminant Prism          Conj/Alch      7%         3d6       38%         4
 Iskenderun's Mystic Bla  Conj/Tloc      15%        2d5       38%         4


Dungeon Overview and Level Annotations

Branches:
Dungeon (4/15)              Sewer (1/1)
 Temple: D:4-7

Altars:

Shops:
D:2 !


Innate Abilities, Weirdness & Mutations

You cannot wear most types of armour.
You are amphibious.
You can wear up to eight rings at the same time.
Your skin changes colour to match your surroundings (Stealth+).
Your rubbery body absorbs attacks. (AC +1, EV +1)
((You are camouflaged when in or above water. (Stealth+)))
You have tentacles for arms and can constrict up to eight enemies at once.


Message History

Press: ? - help, Shift-Dir - straight line, f - river rat
Aim: a river rat (77% to hit)
The searing ray hits the river rat.
The river rat is heavily wounded. (Press . to maintain the ray.)
The river rat barely misses you.
The searing ray hits the river rat but does no damage.
The river rat is heavily wounded.
The searing ray hits the rat!
You kill the rat!
The river rat bites you!
The searing ray misses the river rat.
The river rat bites you.
Unknown command.
The searing ray misses the river rat.
You finish channelling your searing ray.
The river rat bites you!
Casting: Searing Ray (safe; 1% risk of failure)
Confirm with . or Enter, or press ? or * to list all spells.
Aiming: Searing Ray (safe; 1% risk of failure)
Press: ? - help, Shift-Dir - straight line, f/p - river rat
Aim: a river rat (heavily wounded, 77% to hit)
You miscast Searing Ray.
You are very lightly contaminated with residual magic.
Nothing appears to happen.
The river rat bites you.
* * * LOW HITPOINT WARNING * * *
Casting: Searing Ray (safe; 1% risk of failure)
Confirm with . or Enter, or press ? or * to list all spells.
Aiming: Searing Ray (safe; 1% risk of failure)
Press: ? - help, Shift-Dir - straight line, f/p - river rat
Aim: a river rat (heavily wounded, 77% to hit)
The searing ray misses the river rat. (Press . to maintain the ray.)
The river rat bites you!
* * * LOW HITPOINT WARNING * * *
You aren't carrying any items that you can evoke.
Unknown command.
It was a potion of enlightenment.
You feel very buoyant.
You fly up into the air.
The river rat bites you.
You die... ############### ......∩@r.....~ ###############

You could see a river rat.

Vanquished Creatures
  Sigmund (D:2)
  A black bear (D:4)
  A gnoll sergeant (D:4)
  3 gnolls (D:4)
  4 adders
  3 river rats (Sewer)
  A dart slug (D:4)
  A ribbon worm (D:3)
  3 orcs (D:3)
  8 bats
  2 endoplasms (D:2)
  2 giant cockroaches
  9 goblins
  9 hobgoblins
  7 jackals
  10 kobolds
  A quokka (D:3)
  6 ball pythons
  5 frilled lizards
  11 rats
88 creatures vanquished.

Notes
Turn   | Place    | Note
-------+----------+-------------------------------------------
     0 | D:1      | 112233 the Octopode Conjurer began the quest for the Orb.
     0 | D:1      | Reached XP level 1. HP: 11/11 MP: 3/3
   259 | D:1      | Reached XP level 2. HP: 17/17 MP: 3/5
   264 | D:1      | Learned a level 2 spell: Searing Ray
   750 | D:1      | Reached XP level 3. HP: 21/21 MP: 0/6
  1435 | D:2      | Noticed Sigmund
  1449 | D:2      | Killed Sigmund
  1450 | D:2      | Reached XP level 4. HP: 6/27 MP: 1/8
  1450 | D:2      | Reached XP level 5. HP: 7/31 MP: 1/9
  1939 | D:2      | Reached XP level 6. HP: 36/36 MP: 6/10
  2113 | D:2      | Found Ageorr's Distillery.
  2472 | D:3      | Reached skill level 5 in Stealth
  3418 | D:4      | Noticed a black bear
  3427 | D:4      | Killed a black bear
  3428 | D:4      | Reached skill level 5 in Conjurations
  3510 | D:4      | Reached XP level 7. HP: 19/41 MP: 8/12
  3685 | D:4      | Found a glowing drain.
  3692 | Sewer    | Entered a sewer
  3706 | Sewer    | HP: 1/41 [river rat (8)]
  3707 | Sewer    | Slain by a river rat

Illustrated notes

Levels and vault maps discovered:
D:1:      lemuel_arrival_river_bridge, layout_basic
D:2:      layout_basic, serial_shops, shop, uniq_sigmund
D:3:      wad_river_or_something, layout_basic, amcnicky_mini_corridor_feature
D:4:      layout_basic, gammafunk_ghost_arena,
          mainiacjoe_sewer_entry_somewhere_in_here_1
Sewer:    sewer_kobolds

Skill      XL: |  1  2  3  4  5  6 |
---------------+-------------------+-----
Stealth        | 3 4 5 |  5.8
Dodging        | 3 4 |  4.1
Spellcasting   | 3 |  3.7
Conjurations   | 5 |  5.3

Action                     |  1- 3 |  4- 6 |  7- 9 || total
---------------------------+-------+-------+-------++-------
  Melee: Unarmed           |     4 |       |       ||     4
         Tentacles         |     1 |     2 |       ||     3
         Spear             |     1 |       |       ||     1
         Punch             |     1 |       |       ||     1
         Short sword       |       |     5 |       ||     5
         Constrict         |       |     1 |       ||     1
   Cast: Magic Dart        |    56 |    84 |    13 ||   153
         Searing Ray       |     1 |     5 |     6 ||    12
    Use: Potion            |     1 |     2 |     2 ||     5
 Armour: Skin              |    17 |     9 |    11 ||    37
  Dodge: Dodged            |     6 |    10 |     6 ||    22
